 Dungeon Crawl Stone Soup version 0.25.1-8-g42b30a86e7 (webtiles) character file.

Game seed: 6796067886954764308

105 Destapler the Skirmisher (level 4, -3/57 HPs)
             Began as a Centaur Fighter on Dec 20, 2020.
             Slain by Natasha (6 damage)
             ... on level 2 of the Dungeon.
             The game lasted 00:06:17 (1667 turns).

Destapler the Skirmisher (Centaur Fighter)          Turns: 1667, Time: 00:06:17

Health: -3/57      AC: 22    Str: 26    XL:     4   Next: 53%
Magic:  4/4        EV:  1    Int:  7    God:
Gold:   92         SH:  0    Dex:  8    Spells: 3/3 levels left

rFire    . . .     SeeInvis .   a - +0 trident
rCold    . . .     Gourm    .   (no shield)
rNeg     + + +     Faith    .   (armour currently unavailable)
rPois    +         Spirit   .   (helmet currently unavailable)
rElec    .         Reflect  .   (cloak currently unavailable)
rCorr    .         Harm     .   (gloves currently unavailable)
MR       .....     NoTele   +   (no barding)
Stlth    +.........             (no amulet)
HPRegen  0.19/turn              r - +6 ring of strength
MPRegen  0.09/turn              (no ring)

@: tree-form, stab
A: large
a: no special abilities


You were on level 2 of the Dungeon.
You were not hungry.
You were a tree.
You visited 1 branch of the dungeon, and saw 2 of its levels.

You collected 92 gold pieces.

Inventory:

Hand Weapons
 a - a +0 trident (weapon)
Missiles
 j - 39 arrows
 q - a throwing net (quivered)
Armour
 b - a +0 scale mail (melded)
 c - a +0 kite shield
 p - a +0 pair of gloves (melded)
Jewellery
 r - a +6 ring of strength (left branch)
 t - an uncursed amulet of the acrobat {unknown}
Scrolls
 e - a scroll of enchant weapon {unknown}
 g - a scroll of fog {unknown}
 h - a scroll of immolation
 i - 4 scrolls of teleportation {unknown}
 k - a scroll of amnesia {unknown}
 m - 2 scrolls of identify {unknown}
 n - 2 scrolls of remove curse {unknown}
 o - a scroll of noise {unknown}
Potions
 d - a potion of might
Comestibles
 f - 6 rations
 u - a chunk of flesh


   Skills:
 + Level 3.5 Fighting
 + Level 2.4 Polearms
 + Level 1.8 Throwing
 + Level 2.6 Armour
 + Level 2.6 Shields


You had 3 spell levels left.
You didn't know any spells.
Your spell library was empty.

Dungeon Overview and Level Annotations

Branches:
Dungeon (2/15)

Altars:
Vehumet

Annotations:
D:2 Natasha


Innate Abilities, Weirdness & Mutations

((You have hooves in place of feet.))
((Armour fits poorly on your strangely shaped body.))
((You cover ground very quickly.))
((You have extremely tough skin. (AC +3)))


Message History

The crimson imp hits you.
* * * LOW HITPOINT WARNING * * *
It was a potion of stabbing.
You feel ready to backstab. Natasha claws you.
* * * LOW HITPOINT WARNING * * *
The iron imp hits you but does no damage.
The crimson imp hits you but does no damage.
It was a potion of lignification.
You turn into a tree.
Your +0 pair of gloves melds into your body.
Your +0 scale mail melds into your body.
Your roots penetrate the ground.
Natasha claws you but does no damage.
The crimson imp hits you but does no damage.
The iron imp hits you but does no damage.
You barely miss Natasha.
Natasha is severely wounded.
Natasha wildly gestures.
Natasha's front paws start to glow.
Natasha claws you.
You die...

....##............≈♣♣♣≈.≈♣
################..≈≈≈≈≈≈≈
#.≈≈.≈.≈≈. #.≈≈≈≈≈≈≈≈
#.≈≈♣♣♣≈≈≈ #..≈♣ ≈.≈
#.≈≈♣♣♣≈≈≈ #h5≈≈≈≈≈.
≈≈≈≈.≈≈≈
#♣≈≈≈≈...≈≈.≈≈≈≈..
#.5≈≈≈≈≈≈≈≈≈≈≈≈≈≈≈
#.≈≈♣♣♣≈.≈♣ ♣≈≈≈♣ #..≈♣
♣≈≈≈♣ ♣≈.≈♣
#.≈≈♣♣♣≈≈≈♣♣♣≈.≈♣♣
#..≈≈≈≈≈≈≈≈≈≈≈≈≈≈≈
#...≈≈≈.≈≈≈..≈....
#...............##
#################


You could see an iron imp (summoned), Natasha and a crimson imp (summoned).

Vanquished Creatures
  Natasha (D:2)
  Terence (D:2)
  2 oozes
  A worm (D:2)
  A leopard gecko (D:2)
  A ball python (D:2)
  4 bats
  3 giant cockroaches
  2 goblins (D:1)
  7 hobgoblins
  4 jackals (D:1)
  3 frilled lizards
  10 kobolds
  4 rats
44 creatures vanquished.

Notes
Turn   | Place    | Note
-------+----------+-------------------------------------------
     0 | D:1      | Destapler the Centaur Fighter began the quest for the Orb.
     0 | D:1      | Reached XP level 1. HP: 19/19 MP: 1/1
   309 | D:1      | Reached XP level 2. HP: 24/26 MP: 2/2
   444 | D:1      | Reached skill level 1 in Throwing
   454 | D:1      | Reached XP level 3. HP: 31/31 MP: 3/3
   746 | D:2      | Noticed Terence
   840 | D:2      | Killed Terence
  1043 | D:2      | Noticed Natasha
  1060 | D:2      | Killed Natasha
  1060 | D:2      | Reached XP level 4. HP: 22/38 MP: 4/4
  1569 | D:2      | Found a radiant altar of Vehumet.
  1650 | D:2      | Noticed Natasha
  1665 | D:2      | HP: 1/38 [Natasha (3)]
  1667 | D:2      | Slain by Natasha

Illustrated notes

Levels and vault maps discovered:
D:1:      heliophobic_arrival_enchanted_forest, layout_rooms
D:2:      layout_basic, vehumet_crystals, first_ration, serial_forest,
          infiniplex_forest_clump_long, infiniplex_forest_join,
          infiniplex_forest_straight_2, infiniplex_forest_straight_3,
          infiniplex_forest_clump_cross, kennysheep_boxes, uniq_terence,
          uniq_natasha

Skill      XL: |  1  2 |
---------------+-------+-----
Polearms       | 2 |  2.4
Throwing       | 1 |  1.8
Fighting       | |  3.5
Armour         | |  2.6
Shields        | |  2.6

Action                   |  1- 3 |  4- 6 || total
-------------------------+-------+-------++-------
Melee: Trident           |   108 |    42 ||   150
       Kick              |    18 |     8 ||    26
  Use: Scroll            |     1 |       ||     1
       Potion            |       |     2 ||     2
  Eat: Chunk             |       |     2 ||     2
Armor: Scale mail        |    46 |    23 ||    69
       Skin              |       |     3 ||     3
Dodge: Dodged            |    39 |    20 ||    59
Block: Kite shield       |     4 |       ||     4
